 Dungeon Crawl Stone Soup version 0.28.0-47-ge53b351184 (webtiles) character file.

Game seed: 11113049827022545987

19 bobregger the Skirmisher (level 2, -2/48 HPs)
             Began as an Ogre Berserker on Apr 25, 2022.
             Was a Follower of Trog.
             Succumbed to a kobold's poison
             ... on level 1 of the Dungeon.
             The game lasted 00:00:46 (474 turns).

bobregger the Skirmisher (Ogre Berserker)            Turns: 474, Time: 00:00:47

Health: -2/48      AC:  3    Str: 20    XL:     2   Next: 75%
Magic:  2/2        EV: 10    Int:  8    God:    Trog [*.....]
Gold:   52         SH:  0    Dex:  8    Spells: 1/1 levels left

rFire   . . .      SeeInvis .   a - +0 mace
rCold   . . .      Faith    .   (no shield)
rNeg    . . .      Spirit   .   b - +0 animal skin
rPois   .          Reflect  .   (helmet restricted)
rElec   .          Harm     .   (no cloak)
rCorr   .          Rampage  .   (gloves unavailable)
Will    .....                   (boots unavailable)
Stlth   ..........              (no amulet)
HPRegen 0.16/turn               (no ring)
MPRegen 0.08/turn               (no ring)

@: berserking, lethally poisoned (-2 -> -30), very quick
A: large, unfitting armour, tough skin 1
a: Renounce Religion, Berserk


You were on level 1 of the Dungeon.
You worshipped Trog.
Trog was aware of your devotion.
You visited 1 branch of the dungeon, and saw 1 of its levels.

You collected 52 gold pieces.

Inventory:

Hand Weapons
 a - a +0 mace (weapon)
Armour
 b - a +0 animal skin (worn)


   Skills:
 - Level 4.0 Fighting
 + Level 3.6 Maces & Flails
 - Level 2.6 Dodging


You had one spell level left.
You didn't know any spells.
Your spell library was empty.

Dungeon Overview and Level Annotations

Branches:
Dungeon (1/15)

Altars:

Shops:
D:1 *


Innate Abilities, Weirdness & Mutations

You are too large for most types of armour.
You have tough skin. (AC +1)


Message History

You completely miss the goblin.
The goblin is moderately wounded.
The goblin hits you with a +0 dagger.
You barely miss the goblin.
The goblin is moderately wounded.
The goblin barely misses you.
You hit the goblin.
You kill the goblin!
Trog accepts your kill.
You barely miss the kobold. The kobold hits you but does no damage.
You are poisoned.
You barely miss the kobold.
You feel very sick.
The kobold hits you with a +1 whip of venom.
You are more poisoned.
You hit the kobold but do no damage.
You feel very sick. The kobold barely misses you.
You hit the kobold but do no damage.
You feel very sick. The kobold hits you but does no damage.
You are lethally poisoned!
You barely miss the kobold.
You feel very sick.
The kobold hits you with a +1 whip of venom.
You are more poisoned.
The kobold closely misses you.
A red film seems to cover your vision as you go berserk!
You feel yourself moving faster!
You feel mighty!
* * * LOW HITPOINT WARNING * * *
You feel very sick.
The kobold hits you with a +1 whip of venom.
* * * LOW HITPOINT WARNING * * *
You are more poisoned.
You bludgeon the kobold!!
You kill the kobold!
Trog accepts your kill.
* * * LOW HITPOINT WARNING * * *
You feel very sick.
You die...

# ....#.#.## #######...
...#.#... #........#
#####.#....# '........+
...........
#........######.#.......
'........'..............
#........#..............
#........#.######...####
+......@.'...#.#....##.#
#........#.#.#.####..##.
.....#.###.#.#.##†###.#.
.### #. #.# #..#...##.#
#. #.. ##......#.. #.
### ##...≈..≈. #.
#.##.≈≈.≈≈ ## ##.#.≈≈≈≈≈
#...≈.≈≈≈≈


There were no monsters in sight!

Vanquished Creatures
  A dart slug (D:1)
  An endoplasm (D:1)
  5 goblins (D:1)
  2 hobgoblins (D:1)
  2 kobolds (D:1)
  4 bats (D:1)
  2 rats (D:1)
17 creatures vanquished.

Notes
Turn   | Place    | Note
-------+----------+-------------------------------------------
     0 | D:1      | bobregger the Ogre Berserker began the quest for the Orb.
     0 | D:1      | Reached XP level 1. HP: 24/24 MP: 1/1
   233 | D:1      | Reached XP level 2. HP: 32/32 MP: 2/2
   314 | D:1      | Found Cegeb's Assorted Antiques.
   473 | D:1      | HP: 2/48 [poisoned by a kobold]
   474 | D:1      | Succumbed to a kobold's poison

Illustrated notes

Levels and vault maps discovered:
D:1:      dpeg_arrival_subterranean_lakeside_camping, layout_basic,
          serial_shops, nicolae_shop_stone, hangedman_decor_push

Skill      XL: |  1 |
---------------+----+-----
Maces & Flails | 3 |  3.6
Fighting       | |  4.0
Dodging        | |  2.6

Action                   || total
-------------------------++-------
Melee: Mace              ||    42
       Punch             ||     1
Invok: Berserk           ||     1
Armor: Animal skin       ||    23
Dodge: Dodged            ||    21
